NCAA
PURDUE BOILERMAKERS @ KANSAS STATE WILDCATS
04/10/2025
 
TOP OF THE 1ST
Purdue Boilermakers batting - Pitching for Kansas State Wildcats : LHP Larry McGraw
Pitching: LHP Larry McGraw
Batting: RHB Jorge Carrillo 0-0: Ball
1-0: SINGLE (Flyball, 7S)
Batting: RHB Ricardo Velásquez 0-0: Ball
1-0: Called Strike
1-1: Swinging Strike
1-2: Ball
2-2: Ball
3-2: Strikes out swinging
Batting: RHB Francisco Herrera 0-0: 2-RUN HOME RUN (Flyball, 7D), Distance : 359 ft
Batting: LHB Bryan Barnes 0-0: Ball
1-0: Foul Ball, location: 2F
1-1: Fly out, F7 (Flyball, 78S)
Batting: RHB Dave Crawford 0-0: Called Strike
0-1: Ball
1-1: Swinging Strike
1-2: Strikes out swinging
Top of the 1st over - 2 run(s), 2 hit(s), 0 error(s), 0 left on base; Purdue 2 - Kansas State 0
BOTTOM OF THE 1ST
Kansas State Wildcats batting - Pitching for Purdue Boilermakers : RHP Héctor Villegas
Pitching: RHP Héctor Villegas
Batting: SHB Gus Rainbolt 0-0: Fly out, F4 (Popup, 4)
Batting: RHB Salvador Castro 0-0: Called Strike
0-1: Swinging Strike
0-2: Strikes out swinging
Batting: LHB Juan Cuervo 0-0: Ball
1-0: Ball
2-0: Called Strike
2-1: Ball
3-1: Base on Balls
Batting: RHB Javier Sánchez 0-0: Ball
1-0: Ball
2-0: Ball
3-0: Called Strike
3-1: Ground out 4-3 (Groundball, 4)
Bottom of the 1st over - 0 run(s), 0 hit(s), 0 error(s), 1 left on base; Purdue 2 - Kansas State 0
TOP OF THE 2ND
Purdue Boilermakers batting - Pitching for Kansas State Wildcats : LHP Larry McGraw
Batting: SHB Joaquín Gilera 0-0: Ground out 6-3 (Groundball, 6)
Batting: RHB Eric Patrick 0-0: Foul Ball, location: 2F
0-1: Called Strike
0-2: Ground out 6-3 (Groundball, 6M)
Batting: RHB Henry O'Brien 0-0: Called Strike
0-1: Swinging Strike
0-2: Foul Ball, location: 2F
0-2: Ball
1-2: Strikes out swinging
Top of the 2nd over - 0 run(s), 0 hit(s), 0 error(s), 0 left on base; Purdue 2 - Kansas State 0
BOTTOM OF THE 2ND
Kansas State Wildcats batting - Pitching for Purdue Boilermakers : RHP Héctor Villegas
Batting: RHB Bobby Hinkle 0-0: Foul Ball, location: 2F
0-1: Ball
1-1: Called Strike
1-2: Foul Ball, location: 2F
1-2: Strikes out swinging
Batting: LHB Jim Knight 0-0: Ball
1-0: Fly out, F7 (Flyball, 7LD)
Batting: RHB Steve Ashe 0-0: Ball
1-0: Ground out U3 (Groundball, 3S)
Bottom of the 2nd over - 0 run(s), 0 hit(s), 0 error(s), 0 left on base; Purdue 2 - Kansas State 0
TOP OF THE 3RD
Purdue Boilermakers batting - Pitching for Kansas State Wildcats : LHP Larry McGraw
Batting: RHB Jorge Molina 0-0: Fly out, F9 (Flyball, 9S)
Batting: RHB Jorge Carrillo 0-0: Ball
1-0: Ball
2-0: Called Strike
2-1: Ball
3-1: Base on Balls
Batting: RHB Ricardo Velásquez 0-0: Called Strike
0-1: Foul Ball, location: 2F
0-2: Ball
1-2: SINGLE (Groundball, 2L) (infield hit)
Jorge Carrillo to second
Batting: RHB Francisco Herrera 0-0: SINGLE (Groundball, 56)
Jorge Carrillo to third
Ricardo Velásquez to second
Runner from 3rd tries for Home, SAFE, no throw or cutoff
Batting: LHB Bryan Barnes 0-0: Fly out, F5 (Popup, 5S)
Batting: RHB Dave Crawford 0-0: Ball
1-0: Ground out 4-3 (Groundball, 4)
Top of the 3rd over - 1 run(s), 2 hit(s), 0 error(s), 2 left on base; Purdue 3 - Kansas State 0
BOTTOM OF THE 3RD
Kansas State Wildcats batting - Pitching for Purdue Boilermakers : RHP Héctor Villegas
Batting: RHB David MacKinney 0-0: Called Strike
0-1: Ball
1-1: Ball
2-1: Foul Ball, location: 2F
2-2: Foul Ball, location: 2F
2-2: Ball
3-2: Foul Ball, location: 2F
3-2: Base on Balls
Batting: RHB Leslie Kennedy 0-0: Ball
1-0: Swinging Strike
1-1: Swinging Strike
1-2: Strikes out looking
Batting: SHB Gus Rainbolt Pickoff Throw to First - Out!
0-0: Ball
1-0: Swinging Strike
1-1: SINGLE (Flyball, 4MD)
Batting: RHB Salvador Castro 0-0: Called Strike
0-1: SINGLE (Groundball, 56)
Gus Rainbolt to second
Batting: LHB Juan Cuervo 0-0: Fly out, F9 (Line Drive, 9M)
Bottom of the 3rd over - 0 run(s), 2 hit(s), 0 error(s), 2 left on base; Purdue 3 - Kansas State 0
TOP OF THE 4TH
Purdue Boilermakers batting - Pitching for Kansas State Wildcats : LHP Larry McGraw
Batting: SHB Joaquín Gilera 0-0: Foul Ball, location: 2F
0-1: Ball
1-1: SINGLE (Groundball, 25) (infield hit)
Batting: RHB Eric Patrick 0-0: Swinging Strike
0-1: Ball
1-1: Swinging Strike
1-2: Ground out 5-3 (Groundball, 5S)
Joaquín Gilera to second
Batting: RHB Henry O'Brien 0-0: Fly out, F5 (Line Drive, 5)
Batting: RHB Jorge Molina 0-0: Ball
1-0: Ground out 4-3 (Groundball, 4)
Top of the 4th over - 0 run(s), 1 hit(s), 0 error(s), 1 left on base; Purdue 3 - Kansas State 0
BOTTOM OF THE 4TH
Kansas State Wildcats batting - Pitching for Purdue Boilermakers : RHP Héctor Villegas
Batting: RHB Javier Sánchez 0-0: Called Strike
0-1: Ball
1-1: Ball
2-1: Ball
3-1: SINGLE (Groundball, 56D)
Batting: RHB Bobby Hinkle 0-0: SINGLE (Line Drive, 78M)
Javier Sánchez to second
Batting: LHB Jim Knight 0-0: Called Strike
0-1: Foul Ball, location: 2F
0-2: Grounds into double play, 4-6-3 (Groundball, 4)
Javier Sánchez to third
Batting: RHB Steve Ashe 0-0: Ball
1-0: Foul Ball, location: 2F
1-1: Ball
2-1: Ball
3-1: Foul Ball, location: 2F
3-2: Base on Balls
Batting: RHB David MacKinney 0-0: Called Strike
0-1: Called Strike
0-2: Ball
1-2: Fly out, F5 (Popup, 5)
Bottom of the 4th over - 0 run(s), 2 hit(s), 0 error(s), 2 left on base; Purdue 3 - Kansas State 0
TOP OF THE 5TH
Purdue Boilermakers batting - Pitching for Kansas State Wildcats : LHP Larry McGraw
Batting: RHB Jorge Carrillo 0-0: Ball
1-0: Ball
2-0: SINGLE (Groundball, 6M)
Batting: RHB Ricardo Velásquez 0-0: Ball
1-0: Ball
2-0: Ball
3-0: Called Strike
3-1: Base on Balls
Jorge Carrillo to second
Batting: RHB Francisco Herrera 0-0: Ball
1-0: DOUBLE (Groundball, 5L)
Jorge Carrillo scores
Ricardo Velásquez to third
Batting: LHB Bryan Barnes 0-0: Called Strike
0-1: Swinging Strike
0-2: Ball
1-2: Ball
2-2: Strikes out swinging
Batting: RHB Dave Crawford 0-0: Intentional Walk
Batting: SHB Joaquín Gilera 0-0: Called Strike
0-1: Ball
1-1: Ball
2-1: Foul Ball, location: 2F
2-2: Ball
3-2: SINGLE (Line Drive, 8LS)
Ricardo Velásquez scores
Francisco Herrera to third
Dave Crawford to second
Runner from 3rd tries for Home, throw and OUT!
Batting: RHB Eric Patrick 0-0: Fielders Choice at 2nd, 6-4 (Groundball, 6)
Top of the 5th over - 2 run(s), 3 hit(s), 0 error(s), 1 left on base; Purdue 5 - Kansas State 0
BOTTOM OF THE 5TH
Kansas State Wildcats batting - Pitching for Purdue Boilermakers : RHP Héctor Villegas
Batting: RHB Leslie Kennedy 0-0: Called Strike
0-1: SINGLE (Flyball, 9M)
Batting: SHB Gus Rainbolt 0-0: Reached on error, E3 (Groundball, 3)
Leslie Kennedy to second
Batting: RHB Salvador Castro 0-0: Ball
1-0: Called Strike
1-1: Foul Ball, location: 2F
1-2: Strikes out looking
Batting: LHB Juan Cuervo 0-0: Ball
1-0: Ball
2-0: Ball
3-0: Base on Balls
Leslie Kennedy to third
Gus Rainbolt to second
Batting: RHB Javier Sánchez 0-0: Swinging Strike
0-1: Ball
1-1: DOUBLE (Groundball, 5L)
Leslie Kennedy scores
Gus Rainbolt scores
Juan Cuervo to third
Runner from 3rd tries for Home, SAFE, no throw or cutoff
Batting: RHB Bobby Hinkle 0-0: Called Strike
0-1: Swinging Strike
0-2: Strikes out swinging
Batting: LHB Jim Knight 0-0: Foul Ball, location: 2F
0-1: Foul Ball, location: 2F
0-2: Ball
1-2: Strikes out looking
Bottom of the 5th over - 3 run(s), 2 hit(s), 1 error(s), 1 left on base; Purdue 5 - Kansas State 3
TOP OF THE 6TH
Purdue Boilermakers batting - Pitching for Kansas State Wildcats : LHP Larry McGraw
Batting: RHB Henry O'Brien 0-0: Foul Ball, location: 2F
0-1: Foul Ball, location: 2F
0-2: Strikes out swinging
Batting: RHB Jorge Molina 0-0: Ball
1-0: Foul Ball, location: 2F
1-1: Foul Ball, location: 2F
1-2: Ball
2-2: Ball
3-2: Base on Balls
Pitching: LHP Sancho Espinoza
Batting: RHB Jorge Carrillo 0-0: Ball
1-0: Fly out, F3 (Popup, 3SF)
Batting: RHB Ricardo Velásquez 0-0: Ball
1-0: Ball
2-0: Called Strike
2-1: Ball
Passed Ball!
Jorge Molina to second
3-1: Base on Balls
Batting: RHB Francisco Herrera 0-0: Ball
1-0: Foul Ball, location: 2F
1-1: Ground out 1-3 (Groundball, 13S)
Top of the 6th over - 0 run(s), 0 hit(s), 0 error(s), 2 left on base; Purdue 5 - Kansas State 3
BOTTOM OF THE 6TH
Kansas State Wildcats batting - Pitching for Purdue Boilermakers : RHP Héctor Villegas
Pitching: RHP Fernando Hernández
Batting: RHB Steve Ashe 0-0: Ball
1-0: Ball
2-0: Swinging Strike
2-1: Ball
3-1: Called Strike
3-2: Foul Ball, location: 2F
3-2: Strikes out swinging
Batting: RHB David MacKinney 0-0: Ball
1-0: Ground out 5-3 (Groundball, 56)
Batting: RHB Leslie Kennedy 0-0: Called Strike
0-1: Ball
1-1: Hit by Pitch
Batting: SHB Gus Rainbolt 0-0: Called Strike
0-1: Foul Ball, location: 2F
0-2: Ball
1-2: Foul Ball, location: 2F
1-2: Ball
2-2: Ball
3-2: Strikes out swinging
Bottom of the 6th over - 0 run(s), 0 hit(s), 0 error(s), 1 left on base; Purdue 5 - Kansas State 3
TOP OF THE 7TH
Purdue Boilermakers batting - Pitching for Kansas State Wildcats : LHP Sancho Espinoza
Batting: LHB Bryan Barnes 0-0: Hit by Pitch
Batting: RHB Dave Crawford 0-0: Ball
1-0: Ball
2-0: Ball
3-0: Base on Balls
Bryan Barnes to second
Batting: SHB Joaquín Gilera 0-0: Ball
1-0: Ball
2-0: Foul Ball, location: 2F
2-1: Reached on error, E1 (Groundball, 13S)
Bryan Barnes scores
Dave Crawford to third
Batting: RHB Eric Patrick 0-0: Called Strike
0-1: Swinging Strike
0-2: Ball
1-2: Strikes out looking
Batting: RHB Henry O'Brien 0-0: Called Strike
0-1: Ball
1-1: Ball
2-1: Called Strike
2-2: Strikes out swinging
Batting: RHB Jorge Molina 0-0: Swinging Strike
0-1: Called Strike
0-2: Foul Ball, location: 2F
0-2: Ball
1-2: Strikes out swinging
Top of the 7th over - 1 run(s), 0 hit(s), 1 error(s), 2 left on base; Purdue 6 - Kansas State 3
BOTTOM OF THE 7TH
Kansas State Wildcats batting - Pitching for Purdue Boilermakers : RHP Fernando Hernández
Batting: RHB Salvador Castro 0-0: Foul Ball, location: 2F
0-1: Ball
1-1: Ball
2-1: Fly out, F8 (Flyball, 78S)
Batting: LHB Juan Cuervo 0-0: Called Strike
0-1: Ball
1-1: Fly out, F7 (Line Drive, 7M)
Batting: RHB Javier Sánchez 0-0: Ball
1-0: Foul Ball, location: 2F
1-1: Ball
2-1: Fly out, F8 (Flyball, 8LM)
Bottom of the 7th over - 0 run(s), 0 hit(s), 0 error(s), 0 left on base; Purdue 6 - Kansas State 3
TOP OF THE 8TH
Purdue Boilermakers batting - Pitching for Kansas State Wildcats : LHP Sancho Espinoza
Batting: RHB Jorge Carrillo 0-0: Ball
1-0: SINGLE (Line Drive, 56D)
Batting: RHB Ricardo Velásquez 0-0: Bunted foul
0-1: Called Strike
Jorge Carrillo is caught stealing 2nd base
0-2: Ball
1-2: Fly out, F9 (Flyball, 89M)
Batting: RHB Francisco Herrera 0-0: Ground out 4-3 (Groundball, 4)
Top of the 8th over - 0 run(s), 1 hit(s), 0 error(s), 0 left on base; Purdue 6 - Kansas State 3
BOTTOM OF THE 8TH
Kansas State Wildcats batting - Pitching for Purdue Boilermakers : RHP Fernando Hernández
Pitching: RHP Dave Wilson
Batting: RHB Bobby Hinkle 0-0: Ball
1-0: Called Strike
1-1: Ball
2-1: SINGLE (Groundball, 5D)
Pitching: RHP Pablo Rodríguez
Batting: LHB Jim Knight 0-0: Ball
1-0: DOUBLE (Line Drive, 78M)
Bobby Hinkle to third
Batting: RHB Steve Ashe 0-0: Swinging Strike
0-1: Called Strike
0-2: Strikes out swinging
Batting: RHB David MacKinney 0-0: Foul Ball, location: 2F
0-1: Ball
1-1: Ball
2-1: Foul Ball, location: 2F
2-2: Strikes out looking
Batting: RHB Leslie Kennedy 0-0: Ball
1-0: 3-RUN HOME RUN (Flyball, 7D), Distance : 346 ft
Pitching: RHP Scotty Wallace
Batting: SHB Gus Rainbolt 0-0: Ball
1-0: Foul Ball, location: 2F
1-1: Swinging Strike
1-2: Fly out, F8 (Flyball, 8LM)
Bottom of the 8th over - 3 run(s), 3 hit(s), 0 error(s), 0 left on base; Purdue 6 - Kansas State 6
TOP OF THE 9TH
Purdue Boilermakers batting - Pitching for Kansas State Wildcats : LHP Sancho Espinoza
Pitching: RHP Beau May
Batting: LHB Bryan Barnes 0-0: Ball
1-0: Swinging Strike
1-1: Ball
2-1: Ball
3-1: SINGLE (Line Drive, 6MD)
Batting: RHB Dave Crawford 0-0: Ball
1-0: Called Strike
1-1: Swinging Strike
1-2: Strikes out looking
Batting: SHB Joaquín Gilera 0-0: Foul Ball, location: 2F
0-1: Fly out, F9 (Flyball, 9M)
Batting: RHB Eric Patrick 0-0: Called Strike
0-1: Fly out, F3 (Popup, 23F)
Top of the 9th over - 0 run(s), 1 hit(s), 0 error(s), 1 left on base; Purdue 6 - Kansas State 6
BOTTOM OF THE 9TH
Kansas State Wildcats batting - Pitching for Purdue Boilermakers : RHP Scotty Wallace
Batting: RHB Salvador Castro 0-0: Ball
1-0: Swinging Strike
1-1: Foul Ball, location: 2F
1-2: Ball
2-2: Foul Ball, location: 2F
2-2: Ball
3-2: Base on Balls
Batting: LHB Juan Cuervo 0-0: Ball
1-0: SINGLE (Line Drive, 9LS)
Salvador Castro to second
Batting: RHB Javier Sánchez 0-0: Called Strike
0-1: SINGLE (Groundball, 56D) (infield hit)
Salvador Castro to third
Juan Cuervo to second
Batting: RHB Bobby Hinkle 0-0: Ball
1-0: Ball
2-0: SINGLE (Line Drive, 6M)
Salvador Castro scores
This league is powered by Out of the Park Baseball, the baseball management simulation game for PC, Mac and Linux
Tuesday, August 2nd, 2016 - OOTP Baseball 16.8 Build 38